[Event "Team 45 45 League T55"]
[Site "Internet Chess Club"]
[Date "2012.11.20"]
[Round "1"]
[White "losscause"]
[Black "vigneshv"]
[Result "0-1"]
[WhiteElo "1605"]
[BlackElo "1601"]
[Opening "Queen's pawn: Torre attack"]
[ECO "A46"]
[Time "22:00:13"]
[TimeControl "2700+45"]

1. d4 Nf6 2. Nf3 e6 3. Bg5 c5 4. c3 d5 5. e3 Be7 6. dxc5 Bxc5 7. Bb5+ Bd7 8. Qb3
b6 9. Ne5 a6 10. Nxd7 Nbxd7 11. Be2 O-O 12. Qc2 h6 13. Bh4 Qc7 14. Bg3 Bd6 15.
Bxd6 Qxd6 16. Nd2 b5 17. Rd1 Rfc8 18. Qb1 Qc7 19. O-O Ne5 20. e4 Neg4 21. g3
dxe4 22. Nxe4 Rd8 23. Nxf6+ Nxf6 24. Bf3 Rab8 25. Rxd8+ Rxd8 26. Rd1 Qa5 27.
Rxd8+ Qxd8 28. Qd1 Qxd1+ 29. Bxd1 Kf8 30. a4 bxa4 31. Bxa4 Ke7 32. f3 Kd6 33.
Kf2 Kc5 34. Bb3 Nd7 35. f4 Nb6 36. Ba2 a5 37. f5 exf5 38. Bxf7 Nc4 39. b3 Nd6
40. b4+ axb4 41. cxb4+ Kxb4 42. Bg6 Kc5 43. Kf3 Kd5 44. g4 Ke5 45. h4 Kf6 46. h5
Kg5 47. gxf5 Nxf5 48. Be8 Nd4+ 49. Kg3 Ne6 50. Kh2 Nf4 51. Kg3 Nxh5+ 52. Kh2 Nf6
53. Bc6 Kf4 54. Bb7 g5 55. Bc8 h5 56. Bb7 g4 57. Bc6 h4 58. Bg2 Ne4 59. Bf1 Ng5
60. Kh1 Kg3 61. Bg2 Nf3 62. Bh3 Ng5 63. Bf1 h3 64. Bd3 h2 65. Be4 Nh3 {White
resigns} 0-1